 Dungeon Crawl Stone Soup version 0.28.0-53-g5a82cb258f (webtiles) character file.

Game seed: 15838505223860081860

146 Zeld the Ogre Mage (level 5, -4/45 HPs)
             Began as an Ogre Fire Elementalist on June 6, 2022.
             Killed from afar by an orc wizard (6 damage)
             ... with a magic dart
             ... on level 3 of the Dungeon.
             The game lasted 00:03:05 (3936 turns).

Zeld the Ogre Mage (Ogre Fire Elementalist)         Turns: 3936, Time: 00:03:05

Health: -4/45      AC:  3    Str: 12    XL:     5   Next: 28%
Magic:  2/10       EV: 10    Int: 18    God:
Gold:   98         SH:  0    Dex:  9    Spells: 1/11 levels left

rFire   . . .      SeeInvis .   (no weapon)
rCold   . . .      Faith    .   (no shield)
rNeg    . . .      Spirit   .   a - +0 robe
rPois   .          Reflect  .   (helmet restricted)
rElec   .          Harm     .   (no cloak)
rCorr   .          Rampage  .   (gloves unavailable)
Will    .....                   (boots unavailable)
Stlth   +.........              (no amulet)
HPRegen 0.15/turn               (no ring)
MPRegen 0.12/turn               (no ring)

@: no status effects
A: large, unfitting armour, tough skin 1
a: no special abilities


You were on level 3 of the Dungeon.
You visited 1 branch of the dungeon, and saw 3 of its levels.

You collected 98 gold pieces.

Inventory:

Armour
 a - a +0 robe (worn)
Scrolls
 b - 2 scrolls of identify {unknown}
 d - a scroll of holy word {unknown}
 e - 2 scrolls of teleportation {unknown}
 f - a scroll of fog {unknown}
Potions
 c - a potion of curing {unknown}
 g - a potion of haste {unknown}
 h - a potion of degeneration {unknown}
 i - a potion of berserk rage {unknown}


   Skills:
 + Level 2.5 Dodging
 - Level 1.4 Stealth
 * Level 3.9 Spellcasting
 + Level 1.7 Conjurations
 * Level 3.7 Fire Magic


You had one spell level left.
You knew the following spells:

 Your Spells              Type           Power      Damage    Failure   Level
a - Foxfire               Conj/Fire      52%        2x1d6     4%          1
b - Scorch                Fire           34%        2d7       4%          2
c - Inner Flame           Hex/Fire       10%        N/A       21%         3
d - Flame Wave            Conj/Fire      13%        2d6       43%         4

Your spell library contained the following spells:

 Spells                   Type           Power      Damage    Failure   Level
 Animate Skeleton         Necr           6%         N/A       16%         1
 Pain                     Necr           12%        1d4       16%         1
 Conjure Flame            Conj/Fire      13%        6-21      14%         3
 Corpse Rot               Necr/Air       6%         N/A       22%         2
 Poisonous Vapours        Pois/Air       6%         N/A       22%         2
 Vampiric Draining        Necr           3%         2d6       41%         3


Dungeon Overview and Level Annotations

Branches:
Dungeon (3/15)

Altars:


Innate Abilities, Weirdness & Mutations

You are too large for most types of armour.
You have tough skin. (AC +1)


Message History

The orc wizard hits you with a +0 dagger.
You hit the orc wizard but do no damage.
The orc wizard is almost dead.
The orc wizard hits you but does no damage.
You closely miss the orc wizard.
The orc wizard is almost dead.
The orc wizard hits you with a +0 dagger.
You barely miss the orc wizard.
The orc wizard is almost dead.
The orc wizard points at you and mumbles some strange words.
You are confused.
You bump into the rock wall.
The orc wizard hits you with a +0 dagger.
You are too injured to fight recklessly!
You bump into the rock wall.
The orc wizard hits you with a +0 dagger.
You bump into the rock wall.
The orc wizard mumbles some strange words.
The orc wizard flickers and vanishes!
Deactivating autopickup; reactivate with Ctrl-A.
You bump into the rock wall.
You hear some strange, mumbled words.
A magic dart appears from out of thin air!
The magic dart hits you.
You miss something. Something hits you.
* * * LOW HITPOINT WARNING * * *
You closely miss something.
You feel less confused. Something hits you.
* * * LOW HITPOINT WARNING * * *
Casting: Scorch (safe; 4% risk of failure)
Confirm with . or Enter, or press ? or * to list all spells.
You can't see any susceptible monsters within range! (Use Z to cast anyway.) Unknown command.
A magic dart appears from out of thin air!
The magic dart hits you!
* * * LOW HITPOINT WARNING * * *
A magic dart appears from out of thin air!
The magic dart hits you.
You die...

# .....#.#.....##......# #
.......#.....##..###.# #
#.......####..# #+####
#.....#.# #..# S....# #.....#)#
#..# ..... #####{#.####..##
..... #.#.##.....## #+### ...
#.#..#.#....## ...#
#...######.@.)#....8..# ...+
+........###..#......8# )..#
#.................8P8.#### ...#
#............#.....8......
...###...............#+########
#.Z..............###.#.#
#................# #...#
#................# ##..#
.................# #..#


There were no monsters in sight!

Vanquished Creatures
  A hound (D:3)
  2 adders
  2 adder zombies (D:3)
  An adder skeleton (D:3)
  2 worms (D:2)
  A dart slug (D:2)
  5 orcs (D:3)
  7 ball pythons
  A bat (D:3)
  2 endoplasms
  4 giant cockroaches
  6 goblins
  9 hobgoblins
  2 jackals (D:1)
  5 kobolds
  7 quokkas
  2 ball python skeletons (D:3)
  7 frilled lizards
  A jackal zombie (D:3)
  2 rats (D:1)
69 creatures vanquished.

Vanquished Creatures (others)
  75 foxfires
  A plant (D:3)
76 creatures vanquished.

Grand Total: 145 creatures vanquished

Notes
Turn   | Place    | Note
-------+----------+-------------------------------------------
     0 | D:1      | Zeld the Ogre Fire Elementalist began the quest for the
                  | Orb.
     0 | D:1      | Reached XP level 1. HP: 16/16 MP: 3/3
   440 | D:1      | Reached skill level 1 in Conjurations
   441 | D:1      | Found a faded altar of an unknown god.
   529 | D:1      | Reached XP level 2. HP: 24/24 MP: 0/5
   582 | D:1      | Learned a level 2 spell: Scorch
  1033 | D:1      | Reached XP level 3. HP: 29/31 MP: 0/7
  1037 | D:1      | Learned a level 3 spell: Inner Flame
  2421 | D:2      | Reached XP level 4. HP: 39/39 MP: 5/8
  2720 | D:2      | Identified the +5 hunting sling of Symmetry {flame, rN+}
  3026 | D:3      | Reached XP level 5. HP: 19/45 MP: 0/10
  3333 | D:2      | Learned a level 4 spell: Flame Wave
  3935 | D:3      | HP: 2/45 [something/magic dart (7)]
  3936 | D:3      | Killed from afar by an orc wizard

Illustrated notes

Levels and vault maps discovered:
D:1:      minmay_arrival_pointy, layout_loops_ring,
          chequers_ecumenical_altar_simple_redux
D:2:      layout_basic
D:3:      layout_basic, serial_undead, serial_undead_e, serial_undead_c,
          serial_undead_e, serial_undead_e, dk_noncrumbling_4,
          serial_bayou_pond_a

Skill      XL: |  1  2  3 |
---------------+----------+-----
Conjurations   | 1 |  1.7
Dodging        | 2 |  2.5
Fire Magic     | 3 |  3.7
Spellcasting   | 3 |  3.9
Stealth        | |  1.4

Action                   |  1- 3 |  4- 6 || total
-------------------------+-------+-------++-------
Melee: Unarmed           |    64 |    22 ||    86
       Punch             |     2 |       ||     2
 Cast: Foxfire           |    50 |     7 ||    57
       Scorch            |    31 |    37 ||    68
Armor: Robe              |    20 |    15 ||    35
Dodge: Dodged            |    41 |    31 ||    72
